 Dungeon Crawl Stone Soup version 0.17.0-24-gcfadda4 (webtiles) character file.

233 ConnectionFaild the Grave Robber (level 5, -5/42 HPs)
             Began as a Deep Dwarf Necromancer on Nov 16, 2015.
             Slain by SaintRoka's ghost (7 damage)
             ... while paralysed by Grinder
             ... on level 4 of the Dungeon.
             The game lasted 00:11:35 (3808 turns).

ConnectionFaild the Grave Robber (DDNe)             Turns: 3808, Time: 00:11:35

Health: -5/42      AC:  4    Str: 12    XL:     5   Next: 75%
Magic:  7/7        EV:  2    Int: 15    God:
Gold:   198        SH:  0    Dex: 11    Spells: 2 memorised, 3 levels left

rFire  . . .     SeeInvis .     o - +3 quarterstaff (chaos)
rCold  . . .     Clarity  +     a - +0 robe
rNeg   . . .     SustAt   .     (shield currently unavailable)
rPois  +         Gourm    .     (no helmet)
rElec  .         Spirit   .     x - +0 cloak
rCorr  .         Warding  .     (no gloves)
rMut   .         Stasis   .     v - +0 pair of boots
MR     .....                    z - amulet of clarity
Stlth  +.........               j - -3 ring of dexterity (curse)
                                k - ring of poison resistance

@: paralysed, non-regenerating, glowing, not resistant to hostile enchantments,
very unstealthy
A: damage resistance, recharge devices, sense surroundings 1, slow regeneration
3
a: Device Recharging


You were on level 4 of the Dungeon.
You were hungry.

You visited 2 branches of the dungeon, and saw 6 of its levels.

You collected 198 gold pieces.

Inventory:

Hand Weapons
 e - a +2 dagger of draining
 o - a +3 quarterstaff of chaos (weapon)
 t - a +2 hunting sling of flaming
 y - a +0 blowgun
Missiles
 f - 216 stones (quivered)
 A - 12 poisoned needles
Armour
 a - a +0 robe (worn)
 v - a +0 pair of boots (worn)
 x - a +0 cloak (worn)
Jewellery
 j - a cursed -3 ring of dexterity (right hand)
 k - a ring of poison resistance (left hand)
 z - an amulet of clarity (around neck)
Wands
 c - a wand of heal wounds (5)
Scrolls
 g - a scroll of enchant armour {unknown}
 l - 2 scrolls of remove curse {unknown}
 q - a scroll of identify {unknown}
 w - a scroll of recharging {unknown}
 C - a scroll of blinking {unknown}
 D - a scroll of fear {unknown}
Potions
 m - a potion of magic {unknown}
 n - a potion of agility {unknown}
 p - 2 potions of might {unknown}
 r - 2 potions of brilliance {unknown}
 s - a potion of invisibility {unknown}
 u - 2 potions of poison {unknown}
Books
 b - a book of Necromancy

   Spells                             Type                      Level
   a - Pain                           Necromancy                   1
   b - Animate Skeleton               Necromancy                   1
   c - Vampiric Draining              Necromancy                   3
   d - Regeneration                   Charms/Necromancy            3
   e - Animate Dead                   Necromancy                   4
   f - Control Undead                 Necromancy                   4
Comestibles
 d - 2 bread rations
 h - a fruit
 i - a beef jerky
 B - a meat ration


   Skills:
 - Level 2.1 Dodging
 - Level 2.4 Stealth
 - Level 1.7 Spellcasting
 + Level 7.8 Necromancy


You had 3 spell levels left.
You knew the following spells:

 Your Spells              Type           Power        Failure   Level  Hunger
a - Pain                  Necr           ###.         1%          1    ##.....
b - Vampiric Draining     Necr           ###.......   2%          3    ####...


Dungeon Overview and Level Annotations

Branches:
Dungeon (5/15)             Temple (1/1) D:4

Altars:
Cheibriados
Gozag
Makhleb
Nemelex Xobeh
Qazlal
Ru
Trog
Vehumet
Zin

Annotations:
D:4 Grinder; SaintRoka's ghost, amateur OgEn


Innate Abilities, Weirdness & Mutations

You are resistant to damage.
You can recharge devices by infusing magical energy.
You passively map a small area around you.
You do not regenerate naturally.


Message History

Grinder closely misses you.
You barely miss Grinder. Grinder hits you.
You writhe in agony.
You completely miss Grinder. Grinder hits you.
You writhe in agony.
You hit Grinder. You burn Grinder.
Grinder is lightly wounded.
Grinder gestures at you.
You suddenly lose the ability to move!
SaintRoka's ghost hits you.
Grinder gestures.
Grinder blinks!
SaintRoka's ghost barely misses you.
Grinder gestures.
Grinder blinks!
SaintRoka's ghost hits you but does no damage.
SaintRoka's ghost hits you! SaintRoka's ghost hits you!
* * * LOW HITPOINT WARNING * * *
Grinder gestures at you.
You struggle to resist.
SaintRoka's ghost hits you!
You die...

* , #., * ?.
.## , ...##
####.....#
#.@5.>.... ,
#W##.....# ,
#.# ...## * #.#
* ..=. ... ,
#.# * .## *#.#*
# #.# ##.# #.#
# #.# #..# #.#
# #.# #..# #.#
#
#.####.(#####.#
#


You could see Grinder and SaintRoka's ghost.

Vanquished Creatures
  A scorpion (D:4)
  A hound (D:3)
  Crazy Yiuf (D:3)
  4 adders
  3 worms
  6 orcs
  10 bats
  7 goblins
  7 hobgoblins
  11 kobolds
  A quokka (D:2)
  A ball python (D:1)
  2 giant cockroaches (D:2)
  5 giant newts
  4 jackals (D:1)
  A quokka zombie (D:3)
  7 rats
72 creatures vanquished.

Notes
Turn   | Place    | Note
--------------------------------------------------------------
     0 | D:1      | ConnectionFaild the Deep Dwarf Necromancer began the quest for the Orb.
     0 | D:1      | Reached XP level 1. HP: 15/15 MP: 3/3
   224 | D:1      | Reached XP level 2. HP: 8/22 MP: 0/4
   293 | D:2      | Reached skill level 5 in Necromancy
  1070 | D:2      | Reached XP level 3. HP: 10/28 MP: 3/5
  1129 | D:2      | Learned a level 3 spell: Vampiric Draining
  1425 | D:2      | Reached skill level 6 in Necromancy
  1790 | D:3      | Reached XP level 4. HP: 33/36 MP: 3/6
  2202 | D:2      | Found a bloodstained altar of Trog.
  2342 | D:3      | Found an opulent altar of Gozag.
  2405 | D:3      | Noticed Crazy Yiuf
  2508 | D:3      | Found a burning altar of Makhleb.
  2580 | D:3      | Killed Crazy Yiuf
  2580 | D:3      | Reached skill level 7 in Necromancy
  2580 | D:3      | Reached XP level 5. HP: 28/42 MP: 0/7
  2811 | D:4      | Found a staircase to the Ecumenical Temple.
  2818 | Temple   | Entered the Ecumenical Temple
  3036 | D:3      | Found a snail-covered altar of Cheibriados.
  3084 | D:3      | Found a faded altar to an unknown god.
  3709 | D:5      | Entered Level 5 of the Dungeon
  3718 | D:5      | Noticed a centaur
  3737 | D:4      | Noticed SaintRoka's ghost (amateur OgEn)
  3797 | D:4      | Noticed Grinder
  3803 | D:4      | Paralysed by Grinder for 6 turns
  3807 | D:4      | HP: 2/42 [SaintRoka's ghost (14)]
  3808 | D:4      | Slain by SaintRoka's ghost

Action                   |  1- 3 |  4- 6 || total
-------------------------+-------+-------++-------
Melee: Unarmed           |    32 |       ||    32
       Dagger            |    30 |    23 ||    53
       Quarterstaff      |       |    26 ||    26
 Cast: Pain              |    47 |    27 ||    74
       Vampiric Draining |    11 |    12 ||    23
  Use: Potion            |       |     1 ||     1
 Stab: Sleeping          |     2 |     3 ||     5
  Eat: Chunk             |     5 |     7 ||    12
       Fruit             |       |     1 ||     1
